 Dungeon Crawl Stone Soup version 0.26.1-2-gb8aa6d0cf2 (webtiles) character file.

Game seed: 6716849544927734455

1584 sking99 the Destroyer (level 8, -10/48 HPs)
             Began as a Deep Elf Conjurer on Feb 23, 2021.
             Was a Follower of Vehumet.
             Mangled by an orc warrior
             ... wielding a +0 battleaxe
              (19 damage)
             ... on level 6 of the Dungeon.
             The game lasted 00:16:06 (8771 turns).

sking99 the Destroyer (Deep Elf Conjurer)           Turns: 8771, Time: 00:16:07

Health: -10/48     AC:  6    Str:  6    XL:     8   Next: 61%
Magic:  11/18      EV: 10    Int: 24    God:    Vehumet [*.....]
Gold:   343        SH:  5    Dex: 13    Spells: 8/18 levels left

rFire    . . .     SeeInvis .   o - +2 dagger (venom)
rCold    + . .     Faith    .   (no shield)
rNeg     . . .     Spirit   .   n - +0 ring mail {rC+}
rPois    +         Reflect  +   (no helmet)
rElec    .         Harm     .   (no cloak)
rCorr    .         Rampage  .   a - +0 pair of gloves
Will     .....                  (no boots)
Stlth    +.........             s - amulet of reflection
HPRegen  0.16/turn              u - ring of poison resistance
MPRegen  0.16/turn              r - +4 ring of slaying

@: no status effects
A: no striking features
a: Renounce Religion


You were on level 6 of the Dungeon.
You worshipped Vehumet.
Vehumet was aware of your devotion.
You visited 2 branches of the dungeon, and saw 8 of its levels.
You also visited: Sewer.

You collected 343 gold pieces.

Inventory:

Hand Weapons
 o - a +2 dagger of venom (weapon)
Armour
 a - a +0 pair of gloves (worn)
 h - a +0 leather armour
 n - a +0 ring mail of cold resistance (worn)
Jewellery
 e - an uncursed ring of protection from cold
 r - a +4 ring of slaying (right hand)
 s - an amulet of reflection (around neck)
 t - an uncursed ring of protection from cold
 u - a ring of poison resistance (left hand)
 C - an uncursed amulet of guardian spirit {unknown}
Wands
 i - a wand of acid (13)
 A - a wand of digging (8)
Scrolls
 b - 3 scrolls of enchant weapon
 k - 2 scrolls of remove curse
 v - 3 scrolls of blinking
 x - a scroll of holy word {unknown}
 y - a scroll of enchant armour {unknown}
 z - 2 scrolls of teleportation {unknown}
 B - a scroll of silence {unknown}
Potions
 c - 3 potions of brilliance
 d - 2 potions of might
 f - 6 potions of curing
 g - 3 potions of heal wounds
 j - a potion of flight
 l - 4 potions of invisibility
 m - a potion of degeneration
 p - 2 potions of lignification
 q - a potion of ambrosia {unknown}
 w - 3 potions of attraction {unknown}


   Skills:
 + Level 4.3 Fighting
 - Level 2.4 Dodging
 - Level 2.4 Stealth
 - Level 5.6 Spellcasting
 * Level 9.5 Conjurations
 + Level 4.9 Hexes


You had 8 spell levels left.
You knew the following spells:

 Your Spells              Type           Power        Failure   Level
a - Magic Dart            Conj           100%         1%          1
b - Searing Ray           Conj           100%         1%          2
c - Fulminant Prism       Conj/Hex       20%          17%         4
d - Dazzling Flash        Conj/Hex       82%          4%          3

Your spell library contained the following spells:

 Spells                   Type           Power        Failure   Level
 Shock                    Conj/Air       100%         4%          1
 Confusing Touch          Hex            30%          13%         3
 Iskenderun's Mystic Bla  Conj/Tloc      29%          43%         4
 Gell's Gravitas          Tloc           3%           69%         3
 Petrify                  Tmut/Erth      6%           97%         4
 Metabolic Englaciation   Hex/Ice        9%           98%         5
 Yara's Violent Unravell  Hex/Tmut       9%           98%         5


Dungeon Overview and Level Annotations

Branches:
Dungeon (7/15)             Temple (1/1) D:6           Sewer (visited)

Altars:
Ashenzari
Cheibriados
Dithmenos
Gozag
Hepliaklqana
Kikubaaqudgha
Makhleb
Nemelex Xobeh
Okawaru
Qazlal
Ru
Sif Muna
Uskayaw
Vehumet
Wu Jian
Xom
Yredelemnul
Zin
The Shining One

Annotations:
D:4 3 runed translucent doors, SirBal's ghost, amateur HuBe


Message History

You kill the orc!
Vehumet accepts your kill.
The orc warrior hits you with a +0 battleaxe!
* * * LOW HITPOINT WARNING * * *
The searing ray hits the orc warrior but does no damage.
The orc warrior is heavily wounded.
The orc warrior misses you.
The searing ray hits the orc warrior but does no damage.
The orc warrior is heavily wounded.
You finish channeling your searing ray.
Casting: Searing Ray (safe; 1% risk of failure)
Confirm with . or Enter, or press ? or * to list all spells.
Aiming: Searing Ray (safe; 1% risk of failure)
Press: ? - help, Shift-Dir - straight line, f/p - orc warrior
Aim: an orc warrior, wielding a +0 battleaxe and wearing a +2 chain mail of cold resistance (heavily wounded, 19% to evade)
The searing ray hits the orc warrior!
The orc warrior is almost dead. (Press . to maintain the ray.)
The orc warrior hits you with a +0 battleaxe!!
You die...

...#..[..................#
.#...>.##############.####
.#.###....# #.# ...#
####.## ##.# .### #..#
#..# ## ##.#### ##.## #
#....# #..# #
####.#####†### #.)o@.#...#
########'†### #≈≈..≈≈#
#≈♣.♣♣≈# #≈♣♣..≈# #≈..♣♣≈#
#≈♣♣.♣≈# #≈≈≈≈≈≈# ########


You could see an orc warrior.

Vanquished Creatures
  Grinder (D:3)
  Edmund (D:4)
  A sky beast (D:6)
  An orc warrior (D:6)
  An ice beast (D:6)
  2 ogres
  A big kobold (Sewer)
  Blork the orc (D:5)
  2 bullfrogs (D:6)
  A jelly (D:6)
  An orc priest (D:7)
  A bullfrog skeleton (D:6)
  An orc wizard (D:4)
  2 worker ants
  3 iguanas
  A killer bee zombie (D:6)
  A hound zombie (D:5)
  A hound skeleton (D:2)
  4 gnolls (D:3)
  A river rat (Sewer)
  8 adders
  2 white imps
  2 ufetubi
  An ooze (D:4)
  2 worms
  A dart slug (D:3)
  5 leopard geckos
  18 orcs
  7 bats
  3 giant cockroaches
  5 goblins
  6 hobgoblins
  2 jackals
  4 quokkas
  2 ball pythons
  3 frilled lizards
  A jackal skeleton (D:4)
  12 kobolds
  5 rats
117 creatures vanquished.

Vanquished Creatures (others)
  A kobold (D:7)
  A plant (D:4)
2 creatures vanquished.

Grand Total: 119 creatures vanquished

Notes
Turn   | Place    | Note
-------+----------+-------------------------------------------
     0 | D:1      | sking99 the Deep Elf Conjurer began the quest for the Orb.
     0 | D:1      | Reached XP level 1. HP: 10/10 MP: 6/6
   324 | D:1      | Reached XP level 2. HP: 16/16 MP: 5/8
   903 | D:1      | Learned a level 2 spell: Searing Ray
  1051 | D:2      | Reached skill level 5 in Conjurations
  1051 | D:2      | Reached XP level 3. HP: 20/20 MP: 6/10
  1093 | D:2      | Reached skill level 1 in Fighting
  2235 | D:3      | Reached XP level 4. HP: 25/25 MP: 2/11
  2676 | D:3      | Found a glowing golden altar of the Shining One.
  3140 | D:3      | Noticed Grinder
  3150 | D:3      | Killed Grinder
  3151 | D:3      | Reached skill level 5 in Spellcasting
  3151 | D:3      | Reached skill level 6 in Conjurations
  3151 | D:3      | Reached XP level 5. HP: 29/31 MP: 1/14
  3151 | D:3      | Reached XP level 6. HP: 34/36 MP: 1/15
  4245 | D:4      | Noticed SirBal's ghost (amateur HuBe)
  4289 | D:4      | Reached skill level 7 in Conjurations
  4334 | D:4      | Found a snail-covered altar of Cheibriados.
  4353 | D:4      | Found a glowing drain.
  4368 | Sewer    | Entered a sewer
  4689 | Sewer    | Found a glowing silver altar of Zin.
  4815 | D:4      | Reached XP level 7. HP: 40/40 MP: 7/17
  4884 | D:4      | Learned a level 4 spell: Fulminant Prism
  4888 | D:4      | Learned a level 3 spell: Dazzling Flash
  5005 | D:4      | Noticed Edmund
  5253 | D:4      | Killed Edmund
  5254 | D:4      | Reached skill level 1 in Hexes
  5586 | D:4      | Found a runed translucent gate.
  5586 | D:4      | Found a runed translucent gate.
  5586 | D:4      | Found a runed translucent gate.
  5891 | D:5      | Entered Level 5 of the Dungeon
  6603 | D:5      | Found a broken altar of Ashenzari.
  6613 | D:5      | Noticed Blork the orc
  6617 | D:5      | Killed Blork the orc
  6684 | D:5      | Reached skill level 8 in Conjurations
  7171 | D:6      | Found a staircase to the Ecumenical Temple.
  7182 | Temple   | Entered the Ecumenical Temple
  7297 | Temple   | Became a worshipper of Vehumet
  7342 | D:6      | Reached XP level 8. HP: 46/46 MP: 10/18
  7612 | D:6      | Found a shimmering blue altar of Sif Muna.
  7874 | D:6      | Reached skill level 9 in Conjurations
  8680 | D:6      | Reached * piety under Vehumet
  8680 | D:6      | Offered knowledge of Shock by Vehumet.
  8771 | D:6      | Mangled by an orc warrior

Illustrated notes

Levels and vault maps discovered:
D:1:      dpeg_arrival_tiny_a, layout_loops_ring
D:2:      layout_loops_corners, serial_forest, infiniplex_forest_end_double,
          infiniplex_forest_clump_tiny, infiniplex_forest_side_room,
          infiniplex_forest_lined_4_way, infiniplex_forest_straight_1,
          infiniplex_forest_pool, infiniplex_forest_diagonal,
          infiniplex_forest_clump_tiny, infiniplex_forest_lined_room_2,
          minmay_tromino_i2
D:3:      layout_basic, nicolae_tso_swordbearing_angel, minmay_misc_feat_rugged,
          chequers_decorated_corner, uniq_grinder
D:4:      layout_basic, gammafunk_ghost_split, cheibrodos_sewer_entry_sluice,
          serial_bayou_ford_a, minmay_ruined_shrine, uniq_edmund
D:5:      layout_basic, ashenzari_conservatory_becter, uniq_blork_the_orc
D:6:      layout_rooms, kennysheep_little_box, minmay_temple_entry_large_hall,
          dk_vineyard_2, kennysheep_generic_room_12
D:7:      layout_rooms, minitemple, hangedman_misty_isle
Temple:   lightli_temple_of_artemis

Skill      XL: |  1  2  3  4  5  6  7  8 |
---------------+-------------------------+-----
Conjurations   | 5 6 7 8 9 |  9.5
Fighting       | 1 2 3 4 |  4.3
Spellcasting   | 5 |  5.6
Hexes          | 3 4 |  4.9
Dodging        | |  2.4
Stealth        | |  2.4

Action                   |  1- 3 |  4- 6 |  7- 9 || total
-------------------------+-------+-------+-------++-------
Melee: Dagger            |     4 |    10 |    10 ||    24
 Cast: Magic Dart        |    65 |   103 |    86 ||   254
       Searing Ray       |       |     6 |    24 ||    30
  Use: Scroll            |       |     8 |     5 ||    13
       Potion            |       |     1 |       ||     1
Armor: Leather armour    |     2 |     3 |       ||     5
       Ring mail         |       |    10 |    18 ||    28
Dodge: Dodged            |     8 |    31 |    27 ||    66
Block: Other             |       |       |    13 ||    13
       Reflection        |       |       |     2 ||     2
